[Event "Titled Tuesday Blitz July 6 2021"]
[White "Juhasz, Agoston"]
[Black "Kubatko, Ivan"]
[WhiteFideId "778346"]
[BlackFideId "24111473"]
[WhiteElo "2211"]
[BlackElo "2285"]
[Result "0-1"]
[Round "10"]
[TimeControl "180+1"]
[Date "2021.07.06"]
[WhiteClock "0:00:02"]
[BlackClock "0:00:09"]

1. b3 d5 2. Bb2 c5 3. Nf3 Nc6 4. e3 a6 5. Be2 d4 6. O-O e5 7. exd4 cxd4 8. Re1 Nf6 9. Na3 b5 10. Bd3 Bd6 11. c3 O-O 12. Nc2 Re8 13. Ng5 Bg4 14. f3 Bh5 15. cxd4 exd4 16. Rxe8+ Qxe8 17. Ne4 Nxe4 18. Bxe4 Qe5 19. g3 Rc8 20. Rc1 f5 21. Bxc6 Rxc6 22. Nxd4 Rxc1 23. Qxc1 Bc5 24. Qc3 Bxf3 25. Qxf3 Bxd4+ 26. Bxd4 Qxd4+ 27. Qf2 Qe4 28. Qa7 Qe1+ 29. Kg2 Qxd2+ 30. Kh3 Qh6+ 31. Kg2 Qc6+ 32. Kh3 h6 33. Qe7 Qg6 34. Kg2 Kh7 35. Qe5 Qg4 36. Qe6 Qe4+ 37. Qxe4 fxe4 38. Kf2 Kg6 39. Ke3 Kf5 40. h3 h5 41. b4 g5 42. a3 Ke5 43. Ke2 Kd4 44. Kd2 e3+ 45. Ke2 Ke4 46. h4 gxh4 47. gxh4 Kf4 48. Ke1 Kf3 49. Kf1 e2+ 50. Ke1 Ke3 51. a4 bxa4 52. b5 a3 53. bxa6 a2 0-1


[Site "https://www.chess.com"]

[Event "Titled Tuesday Blitz July 6 2021"]
[White "Kamsky, Gata"]
[Black "Martinez Reyes, Pedro Ramon"]
[WhiteFideId "2000024"]
[BlackFideId "3901807"]
[WhiteElo "2644"]
[BlackElo "2398"]
[Result "1-0"]
[Round "10"]
[TimeControl "180+1"]
[Date "2021.07.06"]
[WhiteClock "0:00:53"]
[BlackClock "0:00:02"]

1. d4 Nf6 2. Nf3 d6 3. Bf4 Nbd7 4. h3 g6 5. c3 Bg7 6. Nbd2 O-O 7. e3 c6 8. Be2 b5 9. O-O Bb7 10. Bh2 Qc7 11. a4 bxa4 12. Qxa4 c5 13. Qa5 Qc6 14. Bb5 Qc8 15. Rfe1 a6 16. Bf1 Qc6 17. e4 cxd4 18. Nxd4 Qc5 19. N2b3 Qxa5 20. Nxa5 Bxe4 21. f3 Bd5 22. Rxe7 Ne5 23. Rd1 Rfb8 24. c4 Bf8 25. Rxe5 dxe5 26. Bxe5 Rb6 27. cxd5 Nxd5 28. Nc4 Rb4 29. Nc6 Rb5 30. Kh1 Rc8 31. Na7 Rcc5 32. Nxb5 axb5 33. Bd4 Rxc4 34. Bxc4 bxc4 35. Rc1 Nf4 36. Rxc4 Ne6 37. Be5 h5 38. b4 1-0


[Site "https://www.chess.com"]

[Event "Titled Tuesday Blitz July 6 2021"]
[White "Kavyev, Ruslan"]
[Black "Maly, Alexey"]
[WhiteFideId "34110981"]
[BlackFideId "14103184"]
[WhiteElo "2172"]
[BlackElo "2285"]
[Result "0-1"]
[Round "10"]
[TimeControl "180+1"]
[Date "2021.07.06"]
[WhiteClock "0:00:47"]
[BlackClock "0:00:52"]

1. d4 d5 2. c4 dxc4 3. Nf3 Nf6 4. e3 e6 5. Bxc4 a6 6. O-O b5 7. Be2 Bb7 8. a4 b4 9. Nbd2 Nbd7 10. Nc4 c5 11. b3 Qc7 12. Bb2 Be7 13. Rc1 O-O 14. Nfe5 Rfd8 15. Qc2 Rac8 16. Nxd7 Nxd7 17. Rfd1 cxd4 18. Bxd4 Bf6 19. Bd3 h6 20. Be4 Bxe4 21. Qxe4 Bxd4 22. Rxd4 Nc5 23. Rxd8+ Rxd8 24. Qc2 Rd3 25. Nd2 Rc3 26. Qb1 Nd3 27. Rxc3 bxc3 28. Nc4 Nb4 29. Qc1 Qd7 30. g3 c2 31. Nb2 Qd5 32. Kf1 Qh1+ 0-1


[Site "https://www.chess.com"]

[Event "Titled Tuesday Blitz July 6 2021"]
[White "Kobo, Ori"]
[Black "Lagunow, Raphael"]
[WhiteFideId "2812320"]
[BlackFideId "24652644"]
[WhiteElo "2431"]
[BlackElo "2400"]
[Result "1-0"]
[Round "10"]
[TimeControl "180+1"]
[Date "2021.07.06"]
[WhiteClock "0:00:09"]
[BlackClock "0:00:05"]

1. e4 c5 2. Nf3 Nc6 3. Bb5 Na5 4. O-O a6 5. Be2 b5 6. a4 b4 7. d4 cxd4 8. Qxd4 e6 9. Bg5 f6 10. Be3 Bb7 11. Nbd2 Rc8 12. Qa7 Ra8 13. Qd4 Rc8 14. Qa7 Ra8 15. Qb6 Qxb6 16. Bxb6 Nc6 17. Nc4 d5 18. exd5 exd5 19. Ne3 Nge7 20. Rfd1 Nc8 21. Nxd5 Nxb6 22. Nxb6 Rd8 23. Re1 Kf7 24. Bc4+ Kg6 25. Nd5 Bc5 26. Nf4+ Kh6 27. Ne6 Bb6 28. Nxd8 Rxd8 29. Rad1 Rc8 30. Be6 Rf8 31. Rd7 Na5 32. Bd5 Bxd5 33. Rxd5 Nc4 34. b3 Na3 35. Re6 Bc7 36. Rc6 Bf4 37. g3 Bc1 38. Nd4 g6 39. Rdd6 f5 40. Rd7 Bb2 41. Rcc7 Bxd4 42. Rxd4 Re8 43. Rdd7 Kg5 44. Kg2 h6 45. h4+ Kh5 46. Rd2 Nb1 47. Rd4 Nc3 48. Rxb4 Nd5 49. Rbc4 Nxc7 50. Rxc7 Re2 51. Rc6 a5 52. Rc5 Rd2 53. c3 Rc2 54. Rxa5 Rxc3 55. Rb5 Rc2 56. a5 Ra2 57. b4 Ra4 58. Rb6 f4 59. b5 fxg3 60. fxg3 Ra2+ 61. Kf3 Ra3+ 62. Kf4 Ra4+ 63. Ke5 Rg4 64. a6 Rxg3 65. a7 Re3+ 66. Kd4 Ra3 67. Ra6 Rxa6 68. bxa6 Kxh4 69. a8=Q 1-0


[Site "https://www.chess.com"]

[Event "Titled Tuesday Blitz July 6 2021"]
[White "Koellner, Ruben Gideon"]
[Black "Mickiewicz, Piotr"]
[WhiteFideId "12993093"]
[BlackFideId "1114891"]
[WhiteElo "2551"]
[BlackElo "2263"]
[Result "1-0"]
[Round "10"]
[TimeControl "180+1"]
[Date "2021.07.06"]
[WhiteClock "0:00:01"]
[BlackClock "0:00:11"]

1. d4 d5 2. Bf4 Nf6 3. e3 c5 4. c3 Nc6 5. Nd2 cxd4 6. exd4 Bg4 7. Qb3 Qc8 8. Ngf3 e6 9. Bd3 Be7 10. h3 Bh5 11. O-O Bg6 12. Bxg6 hxg6 13. Ne5 Nxe5 14. Bxe5 Qc6 15. a4 a6 16. Rfe1 O-O 17. Nf3 b5 18. axb5 axb5 19. g3 Ra4 20. Rxa4 bxa4 21. Qc2 Nd7 22. Ra1 Nb6 23. Kg2 Qb5 24. Bf4 Ra8 25. Ne5 g5 26. Be3 f6 27. Nd3 Nc4 28. Bc1 Ra6 29. Qe2 g6 30. h4 gxh4 31. gxh4 Kf7 32. h5 g5 33. Qc2 f5 34. Qe2 Qb7 35. Ne5+ Nxe5 36. Qxe5 Bf6 37. Qg3 f4 38. Qd3 a3 39. bxa3 Ke7 40. a4 Rb6 41. a5 Rb3 42. a6 Qc6 43. a7 Rxc3 44. Qh7+ Kd6 45. a8=Q Rxc1 46. Qxc6+ Rxc6 47. Ra7 Rc2 48. Qd7# 1-0


[Site "https://www.chess.com"]

[Event "Titled Tuesday Blitz July 6 2021"]
[White "Korchmar, Vasiliy"]
[Black "Levitskiy, Andrey"]
[WhiteFideId "24131750"]
[BlackFideId "14132885"]
[WhiteElo "2370"]
[BlackElo "2323"]
[Result "1-0"]
[Round "10"]
[TimeControl "180+1"]
[Date "2021.07.06"]
[WhiteClock "0:01:12"]
[BlackClock "0:00:09"]

1. e4 c5 2. Nf3 Nc6 3. d4 cxd4 4. Nxd4 g6 5. c4 Bg7 6. Be3 d6 7. Nc3 Nh6 8. Be2 f5 9. Qd2 Ng4 10. Bxg4 fxg4 11. O-O-O Ne5 12. Qe2 O-O 13. c5 Bd7 14. cxd6 exd6 15. Ndb5 Bxb5 16. Qxb5 Rc8 17. Kb1 Kh8 18. h3 a6 19. Qd5 g3 20. fxg3 b5 21. Ne2 Nc4 22. Bd4 Qe7 23. Nf4 Rfe8 24. Rhe1 Be5 25. Nd3 Qg7 26. Nxe5 dxe5 27. Bc3 Qf6 28. Rf1 Qg5 29. h4 Qxg3 30. Rf7 Ne3 31. Qd7 Qxh4 32. Bxe5+ Kg8 33. Rf8+ 1-0


[Site "https://www.chess.com"]

[Event "Titled Tuesday Blitz July 6 2021"]
[White "Kotepalli, Sai Nirupama"]
[Black "Pert, Richard G"]
[WhiteFideId "5039444"]
[BlackFideId "404748"]
[WhiteElo "2439"]
[BlackElo "2441"]
[Result "1-0"]
[Round "10"]
[TimeControl "180+1"]
[Date "2021.07.06"]
[WhiteClock "0:01:04"]
[BlackClock "0:01:29"]

1. e4 d5 2. exd5 Nf6 3. d4 Bg4 4. Be2 Bxe2 5. Qxe2 Qxd5 6. Nf3 Nc6 7. Be3 e6 8. O-O O-O-O 9. c4 Qf5 10. Nc3 Rg8 11. Rfd1 g5 12. Ne5 Nxe5 13. dxe5 Rxd1+ 14. Rxd1 Qxe5 15. Qd3 Bd6 16. g3 Rd8 17. Bd4 Qa5 18. Bxf6 Rd7 19. Qxh7 b5 20. Qg8+ Kb7 21. Qe8 b4 22. Qxd7 bxc3 23. Bxc3 Qc5 24. Qb5+ Qxb5 25. cxb5 Kb6 26. a4 Kc5 27. b3 f5 28. Bd4+ Kb4 29. Bxa7 Kxb3 30. a5 Kb4 31. Rxd6 Kxb5 32. Rxe6 Kxa5 33. Re5+ Ka6 34. Rxf5 Kxa7 35. Rxg5 Kb6 36. Re5 1-0


[Site "https://www.chess.com"]

[Event "Titled Tuesday Blitz July 6 2021"]
[White "Le, Tuan Minh"]
[Black "Flores Quillas, Diego Saul Rodri"]
[WhiteFideId "12401153"]
[BlackFideId "3822508"]
[WhiteElo "2450"]
[BlackElo "2071"]
[Result "1-0"]
[Round "10"]
[TimeControl "180+1"]
[Date "2021.07.06"]
[WhiteClock "0:00:25"]
[BlackClock "0:00:02"]

1. d4 Nf6 2. Nf3 c5 3. c3 d5 4. Bf4 Nc6 5. e3 Qb6 6. Qc2 g6 7. Nbd2 Bf5 8. dxc5 Qxc5 9. Qb3 Qb6 10. Be2 Bg7 11. O-O Qxb3 12. axb3 O-O 13. b4 a6 14. Nb3 Nd7 15. Bg3 Bg4 16. Rfd1 Bxf3 17. Bxf3 e6 18. e4 Nde5 19. exd5 Nxf3+ 20. gxf3 exd5 21. Rxd5 Rad8 22. Rad1 Rxd5 23. Rxd5 Rd8 24. Rxd8+ Nxd8 25. Bc7 Ne6 26. Bb6 Nf4 27. Nc5 Nd5 28. Bd8 Bh6 29. Nxb7 Bc1 30. Ba5 Bxb2 31. c4 Ne7 32. Nc5 Nc6 33. Nxa6 Bc3 34. Kf1 Kf8 35. Bb6 Ke8 36. b5 Ne5 37. c5 Nxf3 38. c6 Bd4 39. Bc7 Be5 40. b6 Bxc7 41. bxc7 1-0


[Site "https://www.chess.com"]

[Event "Titled Tuesday Blitz July 6 2021"]
[White "Lee, Qing Aun"]
[Black "Costachi, Mihnea"]
[WhiteFideId "5804167"]
[BlackFideId "1217518"]
[WhiteElo "2023"]
[BlackElo "2482"]
[Result "1-0"]
[Round "10"]
[TimeControl "180+1"]
[Date "2021.07.06"]
[WhiteClock "0:01:43"]
[BlackClock "0:02:06"]

1. e4 e5 2. Nf3 Nc6 3. Bc4 Bc5 4. O-O d6 5. h3 Nf6 6. Re1 h6 7. c3 a6 8. d4 Ba7 9. dxe5 Nxe5 10. Nxe5 dxe5 11. Nd2 O-O 12. Qe2 Qe7 13. Nf1 Be6 14. Be3 Bxc4 15. Qxc4 Bxe3 16. Nxe3 c6 17. Nf5 Qe6 18. Qxe6 fxe6 19. Nd6 Rab8 20. Nc4 Nd7 21. Rad1 Rf7 22. Rd6 Re7 23. Red1 b5 24. Na5 Nc5 25. Nxc6 Rbb7 26. Nxe7+ Rxe7 27. f3 Na4 28. R1d2 Nc5 29. Rc6 Nxe4 30. fxe4 Kh7 31. Rd3 Rd7 32. Rxd7 1-0


[Site "https://www.chess.com"]

[Event "Titled Tuesday Blitz July 6 2021"]
[White "Leitao, Rafael"]
[Black "Gontcharov, Vladislav"]
[WhiteFideId "2101246"]
[BlackFideId "4123492"]
[WhiteElo "2609"]
[BlackElo "2503"]
[Result "1-0"]
[Round "10"]
[TimeControl "180+1"]
[Date "2021.07.06"]
[WhiteClock "0:00:55"]
[BlackClock "0:00:58"]

1. c4 Nf6 2. Nc3 c5 3. Nf3 Nc6 4. d4 cxd4 5. Nxd4 e6 6. Bg5 Bb4 7. Rc1 h6 8. Bh4 d5 9. e3 g5 10. Bg3 Ne4 11. cxd5 Qxd5 12. Nxc6 Qxc6 13. Qd4 Bxc3+ 14. Rxc3 Qd5 15. Qxh8+ Ke7 16. Qd4 Nxc3 17. bxc3 Bd7 18. Qxd5 exd5 19. Kd2 Rc8 20. h4 Kf6 21. hxg5+ hxg5 22. Rh6+ Kg7 23. Rd6 Be6 24. Be5+ Kf8 25. Bf6 g4 26. Bb5 Rd8 27. Rxd8# 1-0


[Site "https://www.chess.com"]

[Event "Titled Tuesday Blitz July 6 2021"]
[White "Leiva, Gianmarco"]
[Black "Lopez Gracia, Fernando"]
[WhiteFideId "3804399"]
[BlackFideId "2207184"]
[WhiteElo "2365"]
[BlackElo "2408"]
[Result "0-1"]
[Round "10"]
[TimeControl "180+1"]
[Date "2021.07.06"]
[WhiteClock "0:00:01"]
[BlackClock "0:01:15"]

1. e4 e5 2. Nf3 Nc6 3. Bc4 Nf6 4. d3 Bc5 5. O-O O-O 6. h3 h6 7. c3 d6 8. Nbd2 a5 9. Bb5 Ne7 10. d4 Ba7 11. dxe5 dxe5 12. Nxe5 Ng6 13. Nxg6 fxg6 14. Be2 Qe7 15. Qc2 Bd7 16. Qb3+ Kh7 17. Qxb7 c6 18. Bf3 a4 19. Re1 Bc5 20. e5 Ra7 21. Qxa7 Bxa7 22. Nc4 Nd5 23. Ne3 Qxe5 24. Bd2 Nxe3 25. Bxe3 Bxe3 26. Rxe3 Qc5 27. Rd1 Bf5 28. a3 Rf7 29. Rd4 Qb5 30. Rb4 Qa6 31. Be2 Qa7 32. Re8 Re7 33. Rbb8 Rxe8 34. Rxe8 Qb6 35. Bc4 h5 36. h4 g5 37. hxg5 Kg6 38. Re5 Qxb2 0-1


[Site "https://www.chess.com"]

[Event "Titled Tuesday Blitz July 6 2021"]
[White "Leve, Nitai"]
[Black "Hebden, Mark L"]
[WhiteFideId "2006898"]
[BlackFideId "400084"]
[WhiteElo "2144"]
[BlackElo "2457"]
[Result "0-1"]
[Round "10"]
[TimeControl "180+1"]
[Date "2021.07.06"]
[WhiteClock "0:00:06"]
[BlackClock "0:01:07"]

1. e4 e5 2. Nf3 Nc6 3. Bb5 a6 4. Ba4 Nf6 5. d4 exd4 6. O-O Be7 7. Re1 b5 8. Bb3 d6 9. Bd5 Nxd5 10. exd5 Ne5 11. Nxd4 Bd7 12. Nc3 O-O 13. a4 b4 14. Ne4 f5 15. Ng3 g6 16. Qd2 Rb8 17. Qh6 Bf6 18. Qf4 Re8 19. Bd2 Nc4 20. Nc6 Bxc6 21. Qxc4 Rxe1+ 22. Rxe1 Bxa4 23. Bxb4 Bxb2 24. Ba5 Bb5 25. Qxc7 Qxc7 26. Bxc7 Rc8 27. Bxd6 Rxc2 28. Bf4 Rc4 29. Be3 f4 30. Rb1 fxe3 31. fxe3 Rc1+ 32. Rxc1 Bxc1 33. e4 Be3+ 34. Kh1 Bf4 0-1


[Site "https://www.chess.com"]

[Event "Titled Tuesday Blitz July 6 2021"]
[White "Lodici, Lorenzo"]
[Black "Williams, Simon K"]
[WhiteFideId "884189"]
[BlackFideId "404454"]
[WhiteElo "2265"]
[BlackElo "2468"]
[Result "1-0"]
[Round "10"]
[TimeControl "180+1"]
[Date "2021.07.06"]
[WhiteClock "0:00:14"]
[BlackClock "0:00:14"]

1. e4 d6 2. d4 a6 3. c4 g6 4. Nc3 Bg7 5. Be3 c6 6. c5 b5 7. cxb6 Nd7 8. f3 Nxb6 9. Qd2 a5 10. Rc1 Nf6 11. Nb1 O-O 12. Rxc6 Bb7 13. Rc2 Qd7 14. Nh3 Rfc8 15. Nf2 Rxc2 16. Qxc2 Rc8 17. Qd2 Qa4 18. Nc3 Qb4 19. Nd3 Nc4 20. Nxb4 Nxd2 21. Kxd2 axb4 22. Ne2 Nd7 23. Nc1 Nb6 24. b3 f5 25. Bd3 e6 26. Ne2 Ra8 27. Bb1 Bf6 28. Rc1 Bd8 29. Nf4 Kf7 30. d5 exd5 31. exf5 Nd7 32. fxg6+ hxg6 33. Bxg6+ Kg7 34. Rc2 Bf6 35. Bd3 Bc3+ 36. Kd1 Kf7 37. Bf5 Nc5 38. Nd3 d4 39. Nxc5 dxc5 40. Bf2 Ba6 41. Be1 Kf6 42. Be4 Rh8 43. h3 Ke5 44. Bg3+ Kf6 45. Rf2 d3 46. Bf4 Rd8 47. Bd2 Bd4 48. Rf1 Ke5 49. Bg6 Bc3 50. f4+ Kd4 51. Rf3 c4 52. bxc4 Bxc4 53. Be1 Ra8 54. Bf2+ Kd5 55. Bf7+ Ke4 56. Bxc4 Rxa2 57. Bxa2 1-0


[Site "https://www.chess.com"]

[Event "Titled Tuesday Blitz July 6 2021"]
[White "Maghsoodloo, Parham"]
[Black "Naroditsky, Daniel"]
[WhiteFideId "12539929"]
[BlackFideId "2026961"]
[WhiteElo "2601"]
[BlackElo "2608"]
[Result "1-0"]
[Round "10"]
[TimeControl "180+1"]
[Date "2021.07.06"]
[WhiteClock "0:00:05"]
[BlackClock "0:00:03"]

1. e4 c5 2. Nc3 d6 3. g3 Nc6 4. Bg2 g6 5. Nge2 Bg7 6. d3 e6 7. Be3 Nge7 8. d4 cxd4 9. Nxd4 a6 10. a4 O-O 11. O-O Qc7 12. Nde2 b6 13. Qd2 Ne5 14. b3 Bb7 15. Bh6 Bxh6 16. Qxh6 Rac8 17. Rfd1 Qc5 18. h3 b5 19. axb5 axb5 20. Ra5 Bc6 21. Qd2 Qb6 22. Ra2 Rfd8 23. Qd4 Qxd4 24. Nxd4 b4 25. Nce2 Be8 26. f4 N5c6 27. Nb5 d5 28. e5 Nf5 29. Ned4 Ncxd4 30. Nxd4 Nxg3 31. Kf2 Nh5 32. Ke3 Rc3+ 33. Rd3 Rdc8 34. Bf3 Ng3 35. h4 Nf5+ 36. Nxf5 gxf5 37. Be2 Rxc2 38. Rxc2 Rxc2 39. Bd1 Rh2 40. h5 Bb5 41. Rd4 Rh3+ 42. Kd2 Rh2+ 43. Ke3 Rh3+ 44. Kd2 Kf8 45. Rxb4 Bf1 46. Rb8+ Kg7 47. Rb7 d4 48. b4 Rh2+ 49. Kc1 Rh1 50. Rd7 d3 51. Kd2 Rh2+ 52. Kc3 Rf2 53. Bb3 Kh6 54. Rxf7 Rxf4 55. Rf6+ Kg5 56. Rxe6 Re4 57. Re7 Kf4 58. e6 h6 59. Rd7 Re1 60. b5 Rc1+ 61. Kb2 Re1 62. b6 Re2+ 63. Kc3 Bg2 64. b7 Bxb7 65. Rxb7 d2 66. Rd7 Re3+ 67. Kc2 Kg5 68. Rxd2 Kxh5 69. Rg2 f4 70. Bc4 f3 71. Rg8 Kh4 72. Kd2 Re4 73. Kd3 Re1 74. Rf8 Kg3 75. Rf7 f2 76. Kd4 Rd1+ 77. Ke5 Re1+ 78. Kd6 h5 79. e7 h4 80. Bd5 h3 81. Rf3+ Kg2 82. Re3+ Kh2 83. e8=Q Rxe3 84. Qf7 Kg1 85. Qg6+ Kf1 86. Qg5 Re1 87. Qg3 Re2 88. Bc4 Ke1 89. Qc3+ Rd2+ 90. Kc5 h2 91. Qe3+ Kd1 92. Bb3+ Kc1 93. Qc3+ Kb1 94. Qxd2 h1=Q 95. Qc2+ Ka1 96. Qa2# 1-0


[Site "https://www.chess.com"]

[Event "Titled Tuesday Blitz July 6 2021"]
[White "Makhnev, Denis"]
[Black "Rustemov, Alexander"]
[WhiteFideId "13707647"]
[BlackFideId "4119002"]
[WhiteElo "2537"]
[BlackElo "2840"]
[Result "1/2-1/2"]
[Round "10"]
[TimeControl "180+1"]
[Date "2021.07.06"]
[WhiteClock "0:00:54"]
[BlackClock "0:00:53"]

1. Nf3 d5 2. d4 Nf6 3. c4 e6 4. Nc3 Be7 5. Bg5 Nbd7 6. e3 h6 7. Bh4 O-O 8. Rc1 c6 9. a3 b6 10. cxd5 cxd5 11. Bd3 Bb7 12. O-O a6 13. Qe2 b5 14. a4 bxa4 15. Nxa4 Qa5 16. Ra1 Qb4 17. Qd2 Qxd2 18. Nxd2 Bc6 19. Nc3 a5 20. Rfc1 Rfb8 21. Rc2 Kf8 22. Na4 Bb5 23. Bxb5 Rxb5 24. Kf1 Ne8 25. Bg3 Bd6 26. b3 Ke7 27. Nc3 Rb7 28. Bxd6+ Nxd6 29. Rca2 Nb5 1/2-1/2


[Site "https://www.chess.com"]

[Event "Titled Tuesday Blitz July 6 2021"]
[White "Malka, Samuel"]
[Black "Potapova, Margarita"]
[WhiteFideId "20643675"]
[BlackFideId "14126869"]
[WhiteElo "2470"]
[BlackElo "2229"]
[Result "1-0"]
[Round "10"]
[TimeControl "180+1"]
[Date "2021.07.06"]
[WhiteClock "0:00:02"]
[BlackClock "0:00:09"]

1. d4 Nf6 2. c4 e6 3. g3 d5 4. Bg2 dxc4 5. Nf3 a6 6. O-O Nc6 7. Nc3 Rb8 8. e4 Be7 9. Qe2 b5 10. Rd1 Nb4 11. b3 cxb3 12. d5 exd5 13. a3 Nc2 14. Rb1 b4 15. Nxd5 Nxd5 16. Rxd5 Bd7 17. Rxb3 Nxa3 18. Ne5 Bd6 19. Nxd7 Qxd7 20. e5 O-O 21. exd6 cxd6 22. Bxa3 bxa3 23. Rxa3 Rb1+ 24. Rd1 Rfb8 25. Rxa6 Qe6 26. Qd3 Qg6 27. Rxd6 Qxd3 28. Rxd3 h5 29. h4 g6 30. Bd5 Kg7 31. Kg2 R1b2 32. R1d2 Rb1 33. Rf3 Rf8 34. Ra2 Rd1 35. Bb3 Rd7 36. Ra6 Re7 37. Rb6 Rc8 38. Rbf6 Rcc7 39. R3f4 Rb7 40. Rf3 Rbc7 41. R6f4 Rb7 42. Bd5 Rbd7 43. Rd4 Ra7 44. Rfd3 Rac7 45. Bb3 Ra7 46. Ba4 Rec7 47. Rd7 Rxd7 48. Bxd7 Rc7 49. Ba4 Re7 50. Bb3 Ra7 51. Rf3 Rc7 52. Re3 Rd7 53. Bc2 Rc7 54. Be4 Rd7 55. Bf3 Rc7 56. Be2 Rd7 57. f3 Rc7 58. g4 hxg4 59. fxg4 Rd7 60. Kg3 Rc7 61. Bf3 Ra7 62. Rb3 Rc7 63. Rb7 Rc5 64. Rd7 Rc3 65. h5 gxh5 66. gxh5 Ra3 67. Kh4 Ra4+ 68. Kg3 Ra3 69. Kf4 Ra4+ 70. Be4 Kh6 71. Rxf7 Ra7 72. Rf6+ Kxh5 73. Bf3+ Kh4 74. Rh6# 1-0


[Site "https://www.chess.com"]

[Event "Titled Tuesday Blitz July 6 2021"]
[White "Matinian, Nikita"]
[Black "Kiltti, Jyrki"]
[WhiteFideId "24129100"]
[BlackFideId "501204"]
[WhiteElo "2410"]
[BlackElo "2245"]
[Result "1-0"]
[Round "10"]
[TimeControl "180+1"]
[Date "2021.07.06"]
[WhiteClock "0:01:21"]
[BlackClock "0:00:47"]

1. e4 Nc6 2. Nc3 e5 3. Nf3 Bc5 4. Bc4 Nf6 5. d3 d6 6. h3 Be6 7. Nd5 Bxd5 8. exd5 Ne7 9. c3 Nfxd5 10. Qb3 c6 11. Qxb7 O-O 12. Qa6 Rb8 13. O-O Nf4 14. Bxf4 exf4 15. d4 Bb6 16. Rfe1 d5 17. Bd3 Ng6 18. b4 Nh4 19. Nxh4 Qxh4 20. f3 Rbe8 21. Kf1 h5 22. Bf5 g6 23. Bd7 Rxe1+ 24. Rxe1 Qf6 25. Qb7 Kg7 26. Qxc6 Qxc6 27. Bxc6 Rd8 28. a4 Rd6 29. b5 Ba5 30. Re7 a6 31. Ra7 Bxc3 32. Rxa6 Bxd4 33. Ke2 Re6+ 34. Kd3 Bf2 35. Bxd5 Rxa6 36. bxa6 f5 37. Kc4 Kf6 38. Kb5 Ke5 39. Kc6 g5 40. Bf7 h4 41. Bh5 Kf6 42. Kb7 g4 43. hxg4 Kg5 44. a7 fxg4 45. Bxg4 1-0


[Site "https://www.chess.com"]

[Event "Titled Tuesday Blitz July 6 2021"]
[White "Mikhalsky, Vladimir"]
[Black "Harshavardhan G B"]
[WhiteFideId "14144352"]
[BlackFideId "25059009"]
[WhiteElo "2280"]
[BlackElo "1825"]
[Result "0-1"]
[Round "10"]
[TimeControl "180+1"]
[Date "2021.07.06"]
[WhiteClock "0:02:22"]
[BlackClock "0:02:49"]

1. e4 e5 2. Nf3 Nc6 3. Bb5 a6 4. Ba4 d6 5. O-O Bg4 6. h4 b5 7. Bb3 Nd4 8. Ng5 Bxd1 9. Nxf7 Ne2+ 10. Kh2 Qxh4# 0-1


[Site "https://www.chess.com"]

[Event "Titled Tuesday Blitz July 6 2021"]
[White "Mons, Leon"]
[Black "Vlachos, Anatole"]
[WhiteFideId "4614950"]
[BlackFideId "26093189"]
[WhiteElo "2492"]
[BlackElo "2350"]
[Result "1/2-1/2"]
[Round "10"]
[TimeControl "180+1"]
[Date "2021.07.06"]
[WhiteClock "0:00:16"]
[BlackClock "0:00:09"]

1. d4 f5 2. Nc3 Nf6 3. Bg5 d5 4. Bxf6 exf6 5. e3 Be6 6. Bd3 Nc6 7. h4 h5 8. Nh3 Qd7 9. Nf4 Bf7 10. Qf3 O-O-O 11. O-O-O Ne7 12. Nce2 c6 13. Kb1 Kb8 14. Rc1 Nc8 15. c4 dxc4 16. Bxc4 Bxc4 17. Rxc4 Nd6 18. Rc2 Ne4 19. Nc3 Qe8 20. Nxe4 fxe4 21. Qh3 Bd6 22. Ne6 Rd7 23. Rhc1 Re7 24. Nc5 Qc8 25. Qh1 Qf5 26. Qe1 Rd8 27. Rc3 Bxc5 28. Rxc5 Rd5 29. Qa5 Red7 30. Rxd5 Rxd5 31. Qb4 Qxf2 32. Qf8+ Kc7 33. Qxg7+ Rd7 34. Qh6 Rd5 35. Qh7+ Kb6 36. Qxe4 Rb5 37. b3 Ra5 38. Rc2 Qe1+ 39. Kb2 Qb4 40. Qd3 Qa3+ 41. Kb1 f5 42. Qc3 Rd5 43. Qc4 Qe7 44. Qe2 Qxh4 45. Qf3 Qe4 46. Qxe4 fxe4 47. Rf2 Rg5 48. Kc2 Rg3 49. Kd2 a5 50. a3 a4 51. bxa4 Ka5 52. Rf4 Rxg2+ 53. Kc3 Kxa4 54. Rxe4 Kxa3 55. Re7 Rg3 56. Rxb7 Rxe3+ 57. Kd2 Re6 58. Kc3 Ka4 59. Kc4 Ka5 60. Rh7 Rd6 61. Rxh5+ Kb6 62. Rc5 Kc7 1/2-1/2


[Site "https://www.chess.com"]

[Event "Titled Tuesday Blitz July 6 2021"]
[White "Moon_stone123"]
[Black "Karttunen, Mika"]
[BlackFideId "502081"]
[WhiteElo "2420"]
[BlackElo "2343"]
[Result "0-1"]
[Round "10"]
[TimeControl "180+1"]
[Date "2021.07.06"]
[WhiteClock "0:00:20"]
[BlackClock "0:00:32"]

1. Nf3 Nf6 2. g3 g6 3. Bg2 Bg7 4. O-O O-O 5. c4 d5 6. cxd5 Nxd5 7. Nc3 Nb6 8. d4 Nc6 9. d5 Nb4 10. e4 c6 11. a3 Na6 12. dxc6 bxc6 13. Bf4 Qxd1 14. Rfxd1 Nc4 15. Rab1 Bg4 16. h3 Bxf3 17. Bxf3 Nc5 18. b4 Ne6 19. Ne2 Nxa3 20. Rbc1 Nb5 21. Rxc6 Ned4 22. Nxd4 Nxd4 23. e5 Nxf3+ 24. Kg2 Nxe5 25. Rc7 e6 26. Re1 Nd3 27. Ra1 Nxf4+ 0-1


[Site "https://www.chess.com"]

[Event "Titled Tuesday Blitz July 6 2021"]
[White "Moroni, Luca Jr"]
[Black "Krivonosov, Oleg"]
[WhiteFideId "865834"]
[BlackFideId "11600349"]
[WhiteElo "2491"]
[BlackElo "2469"]
[Result "1/2-1/2"]
[Round "10"]
[TimeControl "180+1"]
[Date "2021.07.06"]
[WhiteClock "0:00:20"]
[BlackClock "0:00:55"]

1. d4 d5 2. c4 e6 3. Nc3 Be7 4. cxd5 exd5 5. Bf4 Nf6 6. e3 O-O 7. Bd3 c5 8. Nge2 Nc6 9. dxc5 Bxc5 10. O-O d4 11. Na4 Bd6 12. Bxd6 Qxd6 13. exd4 Rd8 14. Nac3 Nxd4 15. Nb5 Nxb5 16. Bxb5 Qxd1 17. Rfxd1 Be6 18. Nd4 Bd5 19. Nf5 Kf8 20. Ne3 Be6 21. Bc4 Bxc4 22. Nxc4 Rac8 23. Ne3 g6 24. g4 h6 25. Kg2 Ke7 26. Kf3 Rxd1 27. Rxd1 Rc5 28. h4 h5 29. g5 Ng4 30. Nd5+ Ke6 31. Nf4+ Ke7 32. Rd2 Ne5+ 33. Kg3 Rc1 34. Re2 Kd6 35. Rd2+ Ke7 36. Kg2 Rc4 37. Kg3 Rc1 1/2-1/2


[Site "https://www.chess.com"]

[Event "Titled Tuesday Blitz July 6 2021"]
[White "Mortazavi, Ali"]
[Black "Sychev, Klementy"]
[WhiteFideId "401323"]
[BlackFideId "4114060"]
[WhiteElo "2339"]
[BlackElo "2615"]
[Result "0-1"]
[Round "10"]
[TimeControl "180+1"]
[Date "2021.07.06"]
[WhiteClock "0:00:12"]
[BlackClock "0:00:04"]

1. Nf3 Nf6 2. g3 g6 3. Bg2 Bg7 4. O-O O-O 5. d3 d6 6. e4 c5 7. e5 Ne8 8. exd6 Nxd6 9. Nc3 Nc6 10. Re1 Nf5 11. Bf4 Nfd4 12. Ne5 Nb4 13. Rc1 e6 14. a3 Nd5 15. Nxd5 exd5 16. Ng4 h5 17. Ne5 Re8 18. c3 Ne6 19. Bd2 Qd6 20. Nf3 Bd7 21. b4 b6 22. Qb3 Bc6 23. h4 d4 24. c4 a5 25. bxa5 bxa5 26. Ng5 Rab8 27. Qd1 Nxg5 28. hxg5 Qd7 29. Bf4 Rb2 30. Rxe8+ Qxe8 31. Rc2 Rb7 32. Re2 Qd7 33. Bxc6 Qxc6 34. Qe1 Kh7 35. Qxa5 h4 36. Kh2 h3 37. Re4 Rb2 38. Qe1 Ra2 39. Qf1 Rxa3 40. Qxh3+ Kg8 41. Qg2 Rxd3 42. Re8+ Qxe8 43. Qd5 Rc3 44. Qxc5 d3 45. Qd5 Rc2 46. Be3 Qxe3 0-1


[Site "https://www.chess.com"]